 Dungeon Crawl Stone Soup version 0.31.0-11-ge490571c62 (webtiles) character file.

Game seed: 10761426329274951197

394 Gadfly the Insei (level 6, -9/47 HPs)
             Began as a Demonspawn Monk on Feb 1, 2024.
             Mangled by Edmund
             ... wielding a +3 flail of holy wrath
              (12 damage)
             ... on level 4 of the Dungeon.
             The game lasted 00:07:04 (4295 turns).

Gadfly the Insei (Demonspawn Monk)                  Turns: 4295, Time: 00:07:05

Health: -9/47      AC:  4    Str: 13    XL:     6   Next: 51%
Magic:  8/8        EV: 13    Int: 10    God:
Gold:   116        SH:  9    Dex: 16    Spells: 4/5 levels left

rFire   . .          .
                       - Unarmed
rCold   . . .        c - orb {light}
rNeg    . . .        a - +0 robe
rPois   .            (helmet restricted)
rElec   .            (no cloak)
rCorr   .            (no gloves)
SInv    .            l - +0 pair of boots
Will    .....        e - amulet of reflection
Stlth   +            (no ring)
HPRegen 0.27/turn    (no ring)
MPRegen 0.11/turn

%: reflection, clarity
@: glowing
A: sharp scales 1, condensation shield, horns 2, clarity
a: no special abilities


You were on level 4 of the Dungeon.
You visited 1 branch of the dungeon, and saw 4 of its levels.
You also visited: Sewer.

You collected 184 gold pieces.
You spent 68 gold pieces at shops.

Inventory:

Armour
 a - a +0 robe (worn)
 c - an orb of light (worn)
 h - a +0 helmet
 l - a +0 pair of boots (worn)
Jewellery
 e - an amulet of reflection (around neck)
 k - an amulet of regeneration
Wands
 q - a wand of quicksilver (6) (quivered)
Scrolls
 d - a scroll of identify
 f - 3 scrolls of teleportation
 j - 2 scrolls of revelation
 o - 4 scrolls of summoning
 p - a scroll of torment
Potions
 g - 2 potions of mutation
 m - 3 potions of enlightenment
 n - a potion of attraction


   Skills:
 + Level 3.1 Fighting
 + Level 3.3 Dodging
 * Level 3.9 Unarmed Combat
 - Level 3.8 Invocations
 * Level 2.8 Evocations
 * Level 2.3 Shapeshifting


You had 4 spell levels left.
You knew the following spells:

 Your Spells              Type           Power      Damage    Failure   Level
a - Apportation           Tloc           0%         N/A       36%         1

Your spell library contained the following spells:

 Spells                   Type           Power      Damage    Failure   Level
 Jinxbite                 Hex            0%         N/A       50%         2
 Alistair's Intoxication  Alch           0%         N/A       100%        5


Dungeon Overview and Level Annotations

Branches:
Dungeon (4/15)              Sewer (visited)
 Temple: D:4-7

Altars:
Xom

Shops:
D:2 (   D:3 *?[?   D:4 *

Annotations:
D:4 Edmund


Innate Abilities, Weirdness & Mutations

You are partially covered in razor-sharp scales. (AC +1, Slay +1)
A meltable shield of frost defends you. (SH +4)
You have a pair of horns on your head.
You possess an exceptional clarity of mind.


Message History

Edmund hits you with a +3 flail of holy wrath.
You convulse.
Edmund attacks as he pursues you!
Edmund hits you with a +3 flail of holy wrath!
* * * LOW HITPOINT WARNING * * *
You convulse!
* * * LOW HITPOINT WARNING * * *
An orc comes into view.
It is wielding a +0 club and quivering poisoned darts.
The orc shouts!
There is a stone staircase leading up here.
Okay, then.
Blink to where?
Press: ? - help, Dir - move target
Okay, then.
Blink to where?
Press: ? - help, Dir - move target
As you read the scroll of blinking, it crumbles to dust.
You are confused.
You feel invigorated.
You bump into the rock wall.
You bump into the rock wall.
You feel less invigorated.
You feel less confused. The endoplasm closely misses you.
You hit the endoplasm but do no damage. The endoplasm hits you.
* * * LOW HITPOINT WARNING * * *
You hit the endoplasm.
The endoplasm is almost dead.
The endoplasm closely misses you.
You hit the endoplasm.
You kill the endoplasm!
Edmund says, "People think my brother is the best.
I think he's crazy."
Aiming: Quicksilver Bolt
Press: ? - help, Shift-Dir - straight line, f - Edmund
Aim: Edmund, wielding a +3 flail of holy wrath and wearing a +0 scale mail (haloed, 83% to hit)
The bolt of dispelling energy misses Edmund.
Edmund hits you with a +3 flail of holy wrath!
* * * LOW HITPOINT WARNING * * *
You convulse!
You die...
Edmund says, "That'll show my brother!"

#.....#.#####....####
#..##.......'....'..#
#.....#.#.#.#....##.##########
#...#...#.#.#....##.#........#
#.....#.#.#.#.#.###.#........#
#.#.#.#.#.#.#.#.###.#........#
#,#.#.#.#...#.#.....#........#
*,#.###........####.#........#
*,#.# #...[....@@..o......$..#
####.###....#########.(.......#
~.~#...#....# ######.........###
####.#.#....# ######.J..........
...÷........#########........J.##
...###............#......#.......
...# #####......#.#.#.##.#.###.#.
...# ##...........@#.#.###,'.
...# #.###.#.#...§#.#.###**.


You could see Edmund and an orc.

Vanquished Creatures
  An ogre (D:4)
  A brain worm (Sewer)
  A bombardier beetle (D:3)
  7 adders
  3 river rats (Sewer)
  3 dart slugs
  7 orcs
  15 ball pythons
  10 bats
  13 endoplasms
  3 giant cockroaches
  7 goblins
  10 hobgoblins
  3 jackals (Sewer)
  8 kobolds
  5 quokkas
  4 frilled lizards
  4 rats (D:2)
105 creatures vanquished.

Notes
Turn   | Place    | Note
-------+----------+-------------------------------------------
     0 | D:1      | Gadfly the Demonspawn Monk began the quest for the Orb.
     0 | D:1      | Reached XP level 1. HP: 18/18 MP: 1/1
   128 | D:1      | Gained mutation: You are partially covered in razor-sharp
                  | scales. (AC +1, Slay +1) [demonic ancestry]
   128 | D:1      | Reached XP level 2. HP: 18/24 MP: 2/2
   234 | D:1      | Reached skill level 1 in Invocations
   867 | D:1      | Learned a level 1 spell: Apportation
   930 | D:2      | Reached XP level 3. HP: 25/29 MP: 4/4
   966 | D:2      | Found a faded altar of an unknown god.
  1003 | D:2      | Found Vimal's Weapon Emporium.
  1013 | D:2      | Reached skill level 1 in Evocations
  1306 | D:2      | Reached skill level 1 in Shapeshifting
  1602 | D:2      | Gained mutation: You have a pair of small horns on your
                  | head. [potion of mutation]
  1602 | D:2      | Gained mutation: You possess an exceptional clarity of
                  | mind. [potion of mutation]
  1602 | D:2      | Gained mutation: You have a pair of horns on your head.
                  | [potion of mutation]
  1677 | D:3      | Found Soazawn's Magic Scroll Shoppe.
  1683 | D:3      | Bought a scroll of teleportation for 42 gold pieces
  1826 | D:3      | Gained mutation: A meltable shield of frost defends you.
                  | (SH +4) [demonic ancestry]
  1826 | D:3      | Reached XP level 4. HP: 29/35 MP: 5/5
  1941 | D:3      | HP: 1/35 [burnt (2)]
  2119 | D:3      | Found Vyruo's Magic Scroll Shoppe.
  2190 | D:3      | Found Xiess's General Store.
  2214 | D:3      | Bought a scroll of identify for 26 gold pieces
  2441 | D:3      | Reached XP level 5. HP: 38/41 MP: 5/7
  2496 | D:3      | Found a shimmering altar of Xom.
  2743 | D:3      | Found Nicwidos's Antique Armour Boutique.
  2988 | D:4      | Noticed an ogre
  2991 | D:4      | Found Zin's Purification Station.
  3007 | D:4      | Killed an ogre
  3132 | D:4      | Found a glowing drain.
  3146 | Sewer    | Entered a sewer
  3250 | Sewer    | Reached XP level 6. HP: 47/47 MP: 8/8
  3643 | Sewer    | HP: 2/47 [poisoned by an adder]
  4272 | D:4      | Noticed Edmund
  4281 | D:4      | HP: 1/47 [Edmund/+3 flail of holy wrath (9)]
  4295 | D:4      | Mangled by Edmund

Illustrated notes

Levels and vault maps discovered:
D:1:      evilmike_arrival_crescent, layout_basic, columned_hall_lemuel
D:2:      layout_basic, basic_ecumenical_altar, serial_shops,
          nicolae_shop_bloodbath_and_beyond, kennysheep_generic_room_3
D:3:      layout_basic, mainiacjoe_overflow_surrounded_room, serial_shops,
          nicolae_shop_temple_entry_statues_fountains,
          nicolae_shop_tiny_real_fake_doors, nicolae_shop_tiny_glass, shop,
          grunt_decor_one_mirror, minmay_strange_pillars,
          minmay_shallow_snake_nest
D:4:      layout_basic, zin_purify, portal_sewer_entry_d, serial_shops, shop,
          kennysheep_generic_room_7, uniq_edmund

Skill      XL: |  1  2  3  4  5 |
---------------+----------------+-----
Invocations    | 1 2 3 |  3.8
Evocations     | 1 2 |  2.8
Unarmed Combat | 3 |  3.9
Shapeshifting  | 1 2 |  2.3
Dodging        | 3 |  3.3
Fighting       | |  3.1

Action                     |  1- 3 |  4- 6 || total
---------------------------+-------+-------++-------
  Melee: Unarmed           |   105 |   172 ||   277
         Headbutt          |     1 |    41 ||    42
  Evoke: Wand              |       |     1 ||     1
    Use: Scroll            |     7 |     7 ||    14
         Potion            |     1 |     4 ||     5
 Armour: Robe              |    37 |   109 ||   146
  Dodge: Dodged            |    58 |   143 ||   201
